 Dungeon Crawl Stone Soup version 0.22.1-1-ga44c0e56f4 (webtiles) character file.

40 Revguard the Insei (level 3, -2/28 HPs)
             Began as a Draconian Transmuter on Oct 20, 2018.
             Slain by a leopard gecko (3 damage)
             ... on level 2 of the Dungeon.
             The game lasted 00:03:59 (1007 turns).

Revguard the Insei (Draconian Transmuter)           Turns: 1007, Time: 00:04:00

Health: -2/28      AC:  5    Str: 12    XL:     3   Next: 30%
Magic:  6/6        EV: 12    Int: 13    God:
Gold:   81         SH:  0    Dex: 12    Spells: 5/6 levels left

rFire    . . .     SeeInvis .     - Unarmed
rCold    . . .     Gourm    .   (no shield)
rNeg     . . .     Faith    .   (armour unavailable)
rPois    .         Spirit   .   (helmet restricted)
rElec    .         Reflect  .   (no cloak)
rCorr    .         Harm     .   (no gloves)
MR       .....                  (no boots)
Stlth    ++........             (no amulet)
HPRegen  0.09/turn              (no ring)
MPRegen  0.10/turn              (no ring)

@: no status effects
A: unfitting armour, cold-blooded, AC +5
a: no special abilities


You were on level 2 of the Dungeon.
You were hungry.

You visited 1 branch of the dungeon, and saw 2 of its levels.

You collected 81 gold pieces.

Inventory:

Missiles
 a - 32 arrows
Scrolls
 e - a scroll of identify {unknown}
 f - a scroll of remove curse {unknown}
Potions
 b - a potion of brilliance {unknown}
 d - a potion of curing {unknown}
Comestibles
 c - 5 rations


   Skills:
 + Level 1.1 Fighting
 + Level 2.0 Dodging
 * Level 1.2 Stealth
 + Level 3.5 Unarmed Combat
 + Level 2.2 Spellcasting
 + Level 2.3 Transmutations


You had 5 spell levels left.
You knew the following spells:

 Your Spells              Type           Power        Failure   Level  Hunger
a - Beastly Appendage     Tmut           #.....       10%         1    ##.....

Your spell library contained the following spells:

 Spells                   Type           Power        Failure   Level  Hunger
 Sticks to Snakes         Tmut           #.......     14%         2    ###....
 Spider Form              Tmut/Pois      #.........   43%         3    ####...
 Ice Form                 Ice/Tmut       #.......     83%         4    #####..
 Blade Hands              Tmut           #.........   95%         5    ######.


Dungeon Overview and Level Annotations

Branches:
Dungeon (2/15)

Altars:


Innate Abilities, Weirdness & Mutations

Your plain brown scales are hard. (AC +5)
You cannot fit into any form of body armour.
You are cold-blooded and may be slowed by cold attacks.


Message History

The leopard gecko barely misses you.
You hit the worm but do no damage. You tail-slap the worm.
The worm is heavily wounded.
The leopard gecko bites you but does no damage.
The worm bites you! The leopard gecko bites you.
* * * LOW HITPOINT WARNING * * *
You barely miss the worm.
The worm is heavily wounded.
Your horns disappear.
The leopard gecko misses you.
You hit the worm. You tail-slap the worm.
The worm is almost dead.
The worm bites you.
* * * LOW HITPOINT WARNING * * *
The leopard gecko bites you.
* * * LOW HITPOINT WARNING * * *
You hit the worm but do no damage. You tail-slap the worm.
The worm is almost dead.
The leopard gecko bites you.
You die...

#. #.... #. #####...
#. ####....... #.#
######.........#
#..##.............##
#....####........##
#..### ####.###..#
#..### #..###..
#l@w.# ##...#).
#...#..######.....†>
#...#........<......
#.... <....########.
#.... ....# #.
#...#...... #.
#...## .#.. .. #...#
. .


You could see a worm and a leopard gecko.

Vanquished Creatures
  2 dart slugs
  2 ball pythons (D:1)
  3 giant cockroaches
  6 goblins
  3 hobgoblins
  4 bats
  5 frilled lizards
  3 kobolds (D:1)
  8 rats
36 creatures vanquished.

Notes
Turn   | Place    | Note
-------+----------+-------------------------------------------
     0 | D:1      | Revguard the Draconian Transmuter began the quest for the
                  | Orb.
     0 | D:1      | Reached XP level 1. HP: 16/16 MP: 3/3
   229 | D:1      | Reached XP level 2. HP: 13/23 MP: 5/5
   515 | D:1      | Reached skill level 1 in Stealth
   768 | D:1      | Reached XP level 3. HP: 28/28 MP: 6/6
  1006 | D:2      | HP: 1/28 [leopard gecko (3)]
  1007 | D:2      | Slain by a leopard gecko

Skill      XL: |  1  2 |
---------------+-------+-----
Stealth        | 1 |  1.2
Dodging        | 2 |  2.0
Fighting       | |  1.1
Unarmed Combat | |  3.5
Spellcasting   | |  2.2
Transmutations | |  2.3

Action                   || total
-------------------------++-------
Melee: Unarmed           ||    89
       Tailslap          ||    14
       Kick              ||     3
       Punch             ||     2
       Headbutt          ||     2
 Cast: Beastly Appendage ||     8
Armor: Skin              ||    38
Dodge: Dodged            ||    94
